 Dungeon Crawl Stone Soup version 0.20.0-15-g7f486f2 (webtiles) character file.

1817 anfisbena the Schismatic (level 8, 0/67 HPs)
             Began as a Demonspawn Abyssal Knight on June 16, 2017.
             Was an Elder of Lugonu.
             Slain by anfisbena's ghost (11 damage)
             ... on level 6 of the Dungeon.
             The game lasted 00:08:04 (8317 turns).

anfisbena the Schismatic (DsAK)                     Turns: 8317, Time: 00:08:04

Health: 0/67       AC:  9    Str: 13    XL:     8   Next: 85%
Magic:  14/14      EV: 15    Int: 13    God:    Lugonu [****..]
Gold:   423        SH:  0    Dex: 15    Spells: 7/7 levels left

rFire    . . .     SeeInvis .     - Unarmed
rCold    + . .     Gourm    +   (no shield)
rNeg     + . .     Faith    .   m - +0 acid dragon scales
rPois    .         Spirit   .   (no helmet)
rElec    .         Reflect  .   (no cloak)
rCorr    +         Harm     .   (no gloves)
MR       .....                  l - +0 pair of boots
Stlth    +.........             z - amulet of the gourmand
Regen    0.3/turn               v - +4 ring of evasion
MPRegen  0.2/turn               p - ring of positive energy

@: hasted, very quick
A: claws 1, iridescent scales 1, cold resistance 1, freezing cloud immunity
a: Depart the Abyss, Bend Space, Banish, Corrupt, Renounce Religion


You were on level 6 of the Dungeon.
You worshipped Lugonu.
Lugonu was greatly pleased with you.
You were not hungry.

You visited 1 branch of the dungeon, and saw 6 of its levels.
You visited the Abyss 1 time.

You collected 423 gold pieces.

Inventory:

Hand Weapons
 b - a +2 dagger of venom
Armour
 l - a +0 pair of boots (worn)
 m - +0 acid dragon scales (worn)
 C - a +0 pair of gloves
Jewellery
 j - an uncursed ring of flight
 p - a ring of positive energy (right claw)
 v - a +4 ring of evasion (left claw)
 z - an amulet of the gourmand (around neck)
Wands
 t - a wand of lightning (8/15)
 x - a wand of scattershot (3/9)
Scrolls
 d - 2 scrolls of immolation {unknown}
 e - 9 scrolls of identify {unknown}
 g - 2 scrolls of remove curse {unknown}
 h - 5 scrolls of teleportation {unknown}
 k - 4 scrolls of recharging {unknown}
 s - a scroll of blinking {unknown}
 y - a scroll of fog {unknown}
 B - 2 scrolls of amnesia {unknown}
 D - a scroll of magic mapping {unknown}
Potions
 a - a potion of magic
 f - a potion of haste
 n - a potion of might {unknown}
 o - a potion of lignification {unknown}
 w - 2 potions of berserk rage {unknown}
 A - a potion of degeneration {unknown}
 E - a potion of agility {unknown}
Books
 u - a book of Minor Magic

   Spells                             Type                      Level
   a - Magic Dart                     Conjuration                  1
   b - Blink                          Translocation                2
   c - Call Imp                       Summoning                    2
   d - Slow                           Hexes                        2
   e - Conjure Flame                  Conjuration/Fire             3
   f - Mephitic Cloud                 Conjuration/Poison/Air       3
Comestibles
 c - 9 bread rations
 i - 2 meat rations
 q - a royal jelly
 r - 4 fruits


   Skills:
 + Level 7.2 Fighting
   Level 3.5 Long Blades
 - Level 2.0 Armour
 - Level 1.7 Dodging
 * Level 5.4 Unarmed Combat
 - Level 8.0 Invocations


You had 7 spell levels left.
You didn't know any spells.

Dungeon Overview and Level Annotations

Branches:
Dungeon (6/15)             Temple (0/1) D:4

Altars:
Cheibriados
Dithmenos
Elyvilon
Fedhas
Nemelex Xobeh
Uskayaw
The Shining One

Annotations:
D:4 exclusion: oklob sapling
D:6 anfisbena's ghost, novice DsAK


Innate Abilities, Weirdness & Mutations

You have sharp fingernails.
You are partially covered in iridescent scales. (AC +2)
Your flesh is cold resistant. (rC+)
You are immune to freezing clouds.


Message History

You feel sick.
You feel sick.
You are no longer poisoned.
Anfisbena's ghost (novice Demonspawn Abyssal Knight) comes into view.
Anfisbena's ghost turns its malevolent gaze towards you.
It was a potion of magic.
Magic courses through your body.
It was a potion of haste.
You feel yourself speed up.
Anfisbena's ghost hits you but does no damage.
You scratch anfisbena's ghost.
Anfisbena's ghost is lightly damaged.
You closely miss anfisbena's ghost.
Anfisbena's ghost is lightly damaged.
Anfisbena's ghost hits you!
* * * LOW HITPOINT WARNING * * *
You closely miss anfisbena's ghost.
Anfisbena's ghost is lightly damaged.
You scratch anfisbena's ghost but do no damage.
Anfisbena's ghost is lightly damaged.
Anfisbena's ghost hits you!
You die...

..........#.#
..........#.#
............#
...../....#.## #..
......... #.. %.....
#.####†#.##.#
#.##.W......#
#@##.#.#.####
#W#....# # #.
#......# .####
#.####...##
.....##.# #...#
.......# #...# ##
......####...##.#
##.###.#...........#
...##.............##


You could see anfisbena's ghost.

Vanquished Creatures
  A water moccasin (D:6)
  3 ogres
  The ghost of anfisbena the Slasher, an amateur DsAK of Lugonu (D:3)
  A bullfrog (D:4)
  A big kobold (D:5)
  A water moccasin zombie (D:5)
  A water moccasin skeleton (D:5)
  4 crimson imps
  3 centaur zombies (D:5)
  4 bullfrog zombies (D:5)
  A hound (D:4)
  An orc priest (D:4)
  2 bullfrog skeletons
  An iguana (D:5)
  8 orc wizards
  5 hound zombies
  A hound skeleton (D:4)
  A howler monkey zombie (D:5)
  A howler monkey skeleton (D:5)
  10 adders
  7 gnolls
  2 oozes (D:2)
  5 adder zombies (D:5)
  An adder skeleton (D:5)
  4 worms
  3 dart slugs
  4 leopard geckos
  20 orcs
  4 bats
  3 giant cockroaches
  7 goblins
  7 hobgoblins
  10 jackals
  3 kobolds
  A quokka (D:3)
  A ball python (D:5)
  7 frilled lizards
  A giant cockroach zombie (D:5)
  2 jackal skeletons (D:5)
  A leopard gecko zombie (D:5)
  A quokka skeleton (D:5)
  5 quokka zombies (D:5)
  7 rats
157 creatures vanquished.

Vanquished Creatures (others)
  3 bushes (D:3)
3 creatures vanquished.

Grand Total: 160 creatures vanquished

Notes
Turn   | Place    | Note
-------+----------+-------------------------------------------
     0 | Abyss:1  | anfisbena the Demonspawn Abyssal Knight began the quest for the Orb.
     0 | Abyss:1  | Reached XP level 1. HP: 18/18 MP: 2/2
    29 | Abyss:1  | Noticed a fire dragon skeleton
    30 | D:1      | Escaped the Abyss
   183 | D:1      | Reached skill level 1 in Dodging
   198 | D:1      | Gained mutation: You are partially covered in iridescent scales. (AC +2) [demonic ancestry]
   198 | D:1      | Reached XP level 2. HP: 12/24 MP: 3/3
   823 | D:1      | Reached * piety under Lugonu
  1496 | D:2      | Reached XP level 3. HP: 23/29 MP: 5/5
  2447 | D:2      | Found a glowing golden altar of the Shining One.
  2836 | D:3      | Reached XP level 4. HP: 35/35 MP: 6/6
  3397 | D:3      | Reached skill level 3 in Invocations
  3436 | D:3      | Found a hide-covered altar of Uskayaw.
  3440 | D:3      | Found a blossoming altar of Fedhas.
  3563 | D:3      | Reached ** piety under Lugonu
  3598 | D:3      | Noticed anfisbena's ghost (amateur DsAK)
  3603 | D:3      | Killed anfisbena's ghost
  3603 | D:3      | Reached skill level 4 in Invocations
  3603 | D:3      | Gained mutation: Your flesh is cold resistant. (rC+) [demonic ancestry]
  3603 | D:3      | Reached XP level 5. HP: 35/42 MP: 6/8
  3736 | D:3      | Found a white marble altar of Elyvilon.
  4179 | D:3      | Reached XP level 6. HP: 39/49 MP: 9/9
  4387 | D:4      | Found a staircase to the Ecumenical Temple.
  4879 | D:4      | Reached skill level 5 in Invocations
  5167 | D:4      | Reached skill level 5 in Fighting
  5422 | D:4      | Reached skill level 6 in Invocations
  5422 | D:4      | Gained mutation: You have sharp fingernails. [demonic ancestry]
  5422 | D:4      | Reached XP level 7. HP: 45/56 MP: 11/11
  5603 | D:4      | Reached skill level 1 in Unarmed Combat
  5609 | D:4      | Reached *** piety under Lugonu
  6067 | D:5      | Entered Level 5 of the Dungeon
  6671 | D:5      | Found a white marble altar of Elyvilon.
  6792 | D:4      | Reached skill level 7 in Invocations
  6941 | D:5      | Gained mutation: You are immune to freezing clouds. [demonic ancestry]
  6941 | D:5      | Reached XP level 8. HP: 46/64 MP: 13/13
  7237 | D:5      | Reached **** piety under Lugonu
  7680 | D:5      | Found a shadowy altar of Dithmenos.
  7682 | D:5      | Found a snail-covered altar of Cheibriados.
  7713 | D:5      | Reached skill level 8 in Invocations
  7769 | D:5      | Reached skill level 5 in Unarmed Combat
  7832 | D:5      | Found a sparkling altar of Nemelex Xobeh.
  8306 | D:6      | Noticed anfisbena's ghost (novice DsAK)
  8317 | D:6      | Slain by anfisbena's ghost

Skill      XL: |  1  2  3  4  5  6  7  8 |
---------------+-------------------------+-----
Long Blades    | 2 3 |  3.5
Dodging        | 1 |  1.7
Armour         | 2 |  2.0
Invocations    | 4 6 7 8 |  8.0
Fighting       | 4 5 6 7 |  7.2
Unarmed Combat | 3 5 |  5.4

Action                   |  1- 3 |  4- 6 |  7- 9 || total
-------------------------+-------+-------+-------++-------
Melee: Falchion          |   115 |    13 |       ||   128
       Dagger            |       |   144 |   222 ||   366
       Short sword       |       |    87 |    94 ||   181
       Unarmed           |       |       |   134 ||   134
       Punch             |       |       |    12 ||    12
Invok: Depart the Abyss  |     1 |       |       ||     1
  Use: Potion            |       |     1 |     3 ||     4
 Stab: Sleeping          |     2 |       |       ||     2
  Eat: Chunk             |     4 |    10 |    16 ||    30
Armor: Leather armour    |    29 |       |       ||    29
       Acid dragon scale |       |   111 |   188 ||   299
Dodge: Dodged            |    76 |   156 |   384 ||   616
       Rpst.: Falchion   |    19 |     1 |       ||    20
